3AAA
GRYFINDOR BRAVES @ WILMINGTON BAY HAWKS
06/19/2019
 
TOP OF THE 1ST
Gryfindor Braves batting - Pitching for Wilmington Bay Hawks : LHP Jim Unknown
Pitching: LHP Jim Unknown
Batting: SHB Alfredo Ortíz 0-0: Ground out 5-3 (Groundball, 56S)
Batting: RHB Jim Unknown 0-0: Ball
1-0: Called Strike
1-1: Ball
2-1: Ground out 4-3 (Groundball, 4M)
Batting: RHB Domingo Navarro 0-0: Ball
1-0: SINGLE (Groundball, 56D)
Batting: RHB Kyle Wilson 0-0: Ball
1-0: Ball
2-0: Ball
3-0: Called Strike
3-1: SINGLE (Line Drive, 56)
Domingo Navarro to second
Batting: RHB Dan Finch 0-0: Ball
1-0: Fielders Choice at 2nd, U6 (Groundball, 6M)
Top of the 1st over - 0 run(s), 2 hit(s), 0 error(s), 2 left on base; Gryfindor 0 - Wilmington 0
BOTTOM OF THE 1ST
Wilmington Bay Hawks batting - Pitching for Gryfindor Braves : RHP Jim Unknown
Pitching: RHP Jim Unknown
Batting: LHB Ray Schneider 0-0: Ball
1-0: Called Strike
1-1: Called Strike
1-2: Foul Ball, location: 2F
1-2: Foul Ball, location: 2F
1-2: Ball
2-2: Foul Ball, location: 2F
2-2: Strikes out swinging
Batting: RHB António Prieto 0-0: Ball
1-0: Ball
2-0: Called Strike
2-1: Fly out, F7 (Flyball, 7LM)
Batting: SHB Felipe González 0-0: Called Strike
0-1: Ball
1-1: Fly out, F5 (Popup, 5DF)
Bottom of the 1st over - 0 run(s), 0 hit(s), 0 error(s), 0 left on base; Gryfindor 0 - Wilmington 0
TOP OF THE 2ND
Gryfindor Braves batting - Pitching for Wilmington Bay Hawks : LHP Jim Unknown
Batting: RHB Jim Unknown 0-0: Called Strike
0-1: Ball
1-1: Called Strike
1-2: Strikes out swinging
Batting: LHB Jim Unknown 0-0: Ball
1-0: Ball
2-0: Ball
3-0: Foul Ball, location: 2F
3-1: Fly out, F7 (Flyball, 78M)
Batting: RHB Jim Unknown 0-0: Ground out 4-3 (Groundball, 34)
Top of the 2nd over - 0 run(s), 0 hit(s), 0 error(s), 0 left on base; Gryfindor 0 - Wilmington 0
BOTTOM OF THE 2ND
Wilmington Bay Hawks batting - Pitching for Gryfindor Braves : RHP Jim Unknown
Batting: SHB José Martínez 0-0: Ball
1-0: Fly out, F8 (Flyball, 8RXD)
Batting: RHB Jorge Rocha 0-0: Ball
1-0: Ball
2-0: Fly out, F7 (Flyball, 7D)
Batting: LHB Aubrey Reese 0-0: Called Strike
0-1: Swinging Strike
0-2: Strikes out swinging
Bottom of the 2nd over - 0 run(s), 0 hit(s), 0 error(s), 0 left on base; Gryfindor 0 - Wilmington 0
TOP OF THE 3RD
Gryfindor Braves batting - Pitching for Wilmington Bay Hawks : LHP Jim Unknown
Batting: RHB Jim Unknown 0-0: Ball
1-0: Foul Ball, location: 2F
1-1: Ball
2-1: Ball
3-1: Called Strike
3-2: Ground out 5-3 (Groundball, 56)
Batting: SHB Alfredo Ortíz 0-0: Ball
1-0: Foul Ball, location: 2F
1-1: Ball
2-1: Swinging Strike
2-2: Ball
3-2: Strikes out swinging
Batting: RHB Jim Unknown 0-0: Ball
1-0: Called Strike
1-1: Called Strike
1-2: Ball
2-2: Ground out U3 (Groundball, 3S)
Top of the 3rd over - 0 run(s), 0 hit(s), 0 error(s), 0 left on base; Gryfindor 0 - Wilmington 0
BOTTOM OF THE 3RD
Wilmington Bay Hawks batting - Pitching for Gryfindor Braves : RHP Jim Unknown
Batting: RHB Jason Nicholson 0-0: Ball
1-0: Ball
2-0: Ball
3-0: Base on Balls
Batting: RHB Jim Unknown 0-0: Ball
1-0: Ball
2-0: Foul Ball, location: 2F
2-1: Foul Ball, location: 2F
2-2: Strikes out swinging
Batting: RHB Jim Unknown 0-0: Ball
1-0: SINGLE (Groundball, 34D)
Jason Nicholson to second
Runner from 2nd tries for 3rd, SAFE, no throw or cutoff
Batting: LHB Ray Schneider 0-0: SINGLE (Flyball, 89S)
Jason Nicholson scores
Jim Unknown to second
Runner from 2nd tries for 3rd, SAFE, throw made to third
Batting: RHB António Prieto 0-0: Called Strike
0-1: Fly out, F8 (Flyball, 8RM)
Runner from 3rd tags up, OUT at HOME
Bottom of the 3rd over - 1 run(s), 2 hit(s), 0 error(s), 1 left on base; Gryfindor 0 - Wilmington 1
TOP OF THE 4TH
Gryfindor Braves batting - Pitching for Wilmington Bay Hawks : LHP Jim Unknown
Batting: RHB Domingo Navarro 0-0: Ball
1-0: Ball
2-0: Swinging Strike
2-1: Ball
3-1: Called Strike
3-2: Fly out, F2 (Popup, 2RF)
Batting: RHB Kyle Wilson 0-0: Ball
1-0: Called Strike
1-1: Swinging Strike
1-2: Foul Ball, location: 2F
1-2: Foul Ball, location: 2F
1-2: Strikes out swinging
Batting: RHB Dan Finch 0-0: Ball
1-0: Ball
2-0: DOUBLE (Line Drive, 6M)
Batting: RHB Jim Unknown 0-0: Ball
1-0: Called Strike
1-1: Ball
2-1: Ball
3-1: 2-RUN HOME RUN (Flyball, 78XD), Distance : 416 ft
Batting: LHB Jim Unknown 0-0: Called Strike
0-1: Ball
1-1: Foul Ball, location: 2F
1-2: Fly out, F4 (Popup, 4)
Top of the 4th over - 2 run(s), 2 hit(s), 0 error(s), 0 left on base; Gryfindor 2 - Wilmington 1
BOTTOM OF THE 4TH
Wilmington Bay Hawks batting - Pitching for Gryfindor Braves : RHP Jim Unknown
Batting: SHB Felipe González 0-0: Ball
1-0: Ball
2-0: Ball
3-0: Called Strike
3-1: Foul Ball, location: 2F
3-2: Base on Balls
Batting: SHB José Martínez 0-0: Ball
1-0: Ball
2-0: Called Strike
2-1: Fly out, F9 (Flyball, 9LM)
Batting: RHB Jorge Rocha 0-0: SINGLE (Line Drive, 56)
Felipe González to second
Batting: LHB Aubrey Reese 0-0: Foul Ball, location: 2F
0-1: Ball
1-1: Ball
2-1: Foul Ball, location: 2F
2-2: Strikes out looking
Batting: RHB Jason Nicholson 0-0: Ball
1-0: Ball
2-0: Ball
3-0: Called Strike
3-1: Fly out, F8 (Flyball, 8LM)
Bottom of the 4th over - 0 run(s), 1 hit(s), 0 error(s), 2 left on base; Gryfindor 2 - Wilmington 1
TOP OF THE 5TH
Gryfindor Braves batting - Pitching for Wilmington Bay Hawks : LHP Jim Unknown
Batting: RHB Jim Unknown 0-0: Called Strike
0-1: Ball
1-1: Called Strike
1-2: Ball
2-2: Foul Ball, location: 2F
2-2: Foul Ball, location: 2F
2-2: Strikes out swinging
Batting: RHB Jim Unknown 0-0: Ball
1-0: Ball
2-0: SINGLE (Line Drive, 56)
Batting: SHB Alfredo Ortíz 0-0: Called Strike
0-1: Foul Ball, location: 2F
0-2: Ball
1-2: Hit by Pitch
Jim Unknown to second
Batting: RHB Jim Unknown 0-0: Swinging Strike
0-1: Called Strike
0-2: Foul Ball, location: 2F
0-2: Ball
1-2: Ball
2-2: Ball
3-2: Grounds into double play, 4-6-3 (Groundball, 4)
Top of the 5th over - 0 run(s), 1 hit(s), 0 error(s), 1 left on base; Gryfindor 2 - Wilmington 1
BOTTOM OF THE 5TH
Wilmington Bay Hawks batting - Pitching for Gryfindor Braves : RHP Jim Unknown
Batting: RHB Jim Unknown 0-0: Called Strike
0-1: Ball
1-1: Called Strike
1-2: Ball
2-2: Fly out, F3 (Popup, 3SF)
Batting: RHB Jim Unknown 0-0: Bunt missed!
0-1: Called Strike
0-2: Ball
1-2: Ball
2-2: Ground out 6-3 (Groundball, 56)
Batting: LHB Ray Schneider 0-0: Swinging Strike
0-1: Ball
1-1: Reached on error, E4 (Groundball, 4)
Batting: RHB António Prieto 0-0: Ball
1-0: Swinging Strike
1-1: Called Strike
1-2: Fielders Choice at 2nd, 6-4 (Groundball, 6)
Bottom of the 5th over - 0 run(s), 0 hit(s), 1 error(s), 0 left on base; Gryfindor 2 - Wilmington 1
TOP OF THE 6TH
Gryfindor Braves batting - Pitching for Wilmington Bay Hawks : LHP Jim Unknown
Batting: RHB Domingo Navarro 0-0: Called Strike
0-1: Ground out 1-3 (Groundball, 13)
Batting: RHB Kyle Wilson 0-0: Called Strike
0-1: Ball
1-1: Foul Ball, location: 2F
1-2: Ball
2-2: Foul Ball, location: 2F
2-2: DOUBLE (Flyball, 89XD)
Batting: RHB Dan Finch 0-0: Ground out 3-1 (Groundball, 34)
Kyle Wilson to third
Batting: RHB Jim Unknown 0-0: Ground out 5-3 (Groundball, 56)
Top of the 6th over - 0 run(s), 1 hit(s), 0 error(s), 1 left on base; Gryfindor 2 - Wilmington 1
BOTTOM OF THE 6TH
Wilmington Bay Hawks batting - Pitching for Gryfindor Braves : RHP Jim Unknown
Batting: SHB Felipe González 0-0: Called Strike
0-1: SINGLE (Line Drive, 89S)
Batting: SHB José Martínez 0-0: Ball
1-0: Foul Ball, location: 2F
1-1: Foul Ball, location: 2F
1-2: Foul Ball, location: 2F
1-2: Ball
2-2: Strikes out looking
Batting: RHB Jorge Rocha 0-0: Called Strike
0-1: Swinging Strike
0-2: Strikes out swinging
Batting: LHB Aubrey Reese 0-0: Called Strike
0-1: Called Strike
0-2: Ball
1-2: DOUBLE (Line Drive, 5D)
Felipe González to third
Batting: RHB Jason Nicholson 0-0: Fly out, F8 (Popup, 8RS)
Bottom of the 6th over - 0 run(s), 2 hit(s), 0 error(s), 2 left on base; Gryfindor 2 - Wilmington 1
TOP OF THE 7TH
Gryfindor Braves batting - Pitching for Wilmington Bay Hawks : LHP Jim Unknown
Batting: LHB Jim Unknown 0-0: Foul Ball, location: 2F
0-1: Ground out 6-3 (Groundball, 6)
Batting: RHB Jim Unknown 0-0: Ball
1-0: Ball
2-0: Foul Ball, location: 2F
2-1: Ball
3-1: Foul Ball, location: 2F
3-2: Fly out, F9 (Flyball, 89M)
Batting: RHB Jim Unknown 0-0: Called Strike
0-1: Ball
1-1: SINGLE (Line Drive, 34D)
Pitching: RHP Nate Connolly
Batting: SHB Alfredo Ortíz 0-0: Ball
1-0: Ball
2-0: Foul Ball, location: 2F
2-1: Ball
3-1: SINGLE (Flyball, 8LS)
Jim Unknown to second
Pinch Hitting: RHB Arlen King 0-0: Ball
1-0: Foul Ball, location: 2F
1-1: Ball
2-1: Foul Ball, location: 2F
2-2: Strikes out swinging
Top of the 7th over - 0 run(s), 2 hit(s), 0 error(s), 2 left on base; Gryfindor 2 - Wilmington 1
BOTTOM OF THE 7TH
Wilmington Bay Hawks batting - Pitching for Gryfindor Braves : RHP Jim Unknown
Now at 2B: Jim Unknown
Batting: RHB Jim Unknown 0-0: Ground out 2-3 (Groundball, 13S)
Batting: RHB Jim Unknown 0-0: Foul Ball, location: 2F
0-1: Foul Ball, location: 2F
0-2: Ball
1-2: Strikes out swinging
Batting: LHB Ray Schneider 0-0: Ball
1-0: Foul Ball, location: 2F
1-1: Ball
2-1: Ball
3-1: Foul Ball, location: 2F
3-2: Base on Balls
Pitching: RHP Josh Parker
Batting: RHB António Prieto 0-0: Swinging Strike
0-1: Ball
1-1: Swinging Strike
1-2: Ball
2-2: Strikes out swinging
Bottom of the 7th over - 0 run(s), 0 hit(s), 0 error(s), 1 left on base; Gryfindor 2 - Wilmington 1
TOP OF THE 8TH
Gryfindor Braves batting - Pitching for Wilmington Bay Hawks : RHP Nate Connolly
Batting: RHB Domingo Navarro 0-0: Called Strike
0-1: Ball
1-1: Foul Ball, location: 2F
1-2: Strikes out looking
Batting: RHB Kyle Wilson 0-0: Called Strike
0-1: Ball
1-1: Called Strike
1-2: Strikes out swinging
Batting: RHB Dan Finch 0-0: Ball
1-0: Swinging Strike
1-1: Swinging Strike
1-2: Strikes out swinging
Top of the 8th over - 0 run(s), 0 hit(s), 0 error(s), 0 left on base; Gryfindor 2 - Wilmington 1
BOTTOM OF THE 8TH
Wilmington Bay Hawks batting - Pitching for Gryfindor Braves : RHP Josh Parker
Batting: SHB Felipe González 0-0: Called Strike
0-1: Ball
1-1: Ball
2-1: Ball
3-1: Ground out 3-1 (Groundball, 34)
Pitching: LHP Dave Davis
Batting: SHB José Martínez 0-0: Called Strike
0-1: Ball
1-1: Called Strike
1-2: Strikes out looking
Pitching: RHP Jim Unknown
Batting: RHB Jorge Rocha 0-0: Ball
1-0: Ball
2-0: Ball
3-0: Base on Balls
Pitching: LHP Joseph Hamilton
Pinch Hitting: LHB Nari Corelli 0-0: Ball
1-0: Foul Ball, location: 2F
1-1: Ball
2-1: Ball
3-1: Fly out, F4 (Popup, 4MD)
Bottom of the 8th over - 0 run(s), 0 hit(s), 0 error(s), 1 left on base; Gryfindor 2 - Wilmington 1
TOP OF THE 9TH
Gryfindor Braves batting - Pitching for Wilmington Bay Hawks : RHP Nate Connolly
Now in RF: Lonnie Austin
Batting: RHB Jim Unknown 0-0: Fly out, F5 (Popup, 5DF)
Batting: LHB Jim Unknown 0-0: Ball
1-0: Swinging Strike
1-1: Foul Ball, location: 2F
1-2: Ball
2-2: Ball
3-2: Strikes out looking
Batting: RHB Jim Unknown 0-0: Called Strike
0-1: Foul Ball, location: 2F
0-2: Ball
1-2: Ground out 4-3 (Groundball, 4)
Top of the 9th over - 0 run(s), 0 hit(s), 0 error(s), 0 left on base; Gryfindor 2 - Wilmington 1
BOTTOM OF THE 9TH
Wilmington Bay Hawks batting - Pitching for Gryfindor Braves : LHP Joseph Hamilton
Pitching: RHP Jim Unknown
Batting: RHB Jason Nicholson 0-0: Ball
1-0: SOLO HOME RUN (Flyball, 78XD), Distance : 399 ft
Batting: RHB Jim Unknown 0-0: Ball
1-0: Ball
2-0: Ball
3-0: Called Strike
3-1: Base on Balls
Batting: RHB Jim Unknown 0-0: Ball
1-0: Called Strike
1-1: Ball
Wild Pitch!
Jim Unknown to second
2-1: Ball
3-1: Foul Ball, location: 2F
3-2: Base on Balls
Batting: LHB Ray Schneider 0-0: Ball
1-0: Ball
2-0: Sac Bunt - play at first, batter OUT! 5-4
Jim Unknown to third
Jim Unknown to second
Batting: RHB António Prieto 0-0: Intentional Walk
Batting: SHB Felipe González 0-0: Called Strike
0-1: Foul Ball, location: 2F
0-2: Strikes out swinging
Batting: SHB José Martínez 0-0: Ball
1-0: Foul Ball, location: 2F
1-1: Ball
2-1: Foul Ball, location: 2F
2-2: Ball
3-2: Foul Ball, location: 2F
3-2: Strikes out swinging
Bottom of the 9th over - 1 run(s), 1 hit(s), 0 error(s), 3 left on base; Gryfindor 2 - Wilmington 2
TOP OF THE 10TH
Gryfindor Braves batting - Pitching for Wilmington Bay Hawks : RHP Nate Connolly
Batting: RHB Jim Unknown 0-0: Ball
1-0: Foul Ball, location: 2F
1-1: SOLO HOME RUN (Flyball, 7D), Distance : 375 ft
Batting: SHB Alfredo Ortíz 0-0: Ball
1-0: SINGLE (Groundball, 6MD)
Pinch Hitting: RHB Jim Unknown 0-0: DOUBLE (Flyball, 78S)
Alfredo Ortíz to third
Batting: RHB Domingo Navarro 0-0: Fly out, F3 (Popup, 3SF)
Batting: RHB Kyle Wilson 0-0: Intentional Walk
Batting: RHB Dan Finch 0-0: Ball
1-0: Ball
2-0: Foul Ball, location: 2F
2-1: Ball
3-1: Foul Ball, location: 2F
3-2: Base on Balls
Alfredo Ortíz scores
Jim Unknown to third
Kyle Wilson to second
Pitching: LHP Carl Dyess
Batting: RHB Jim Unknown 0-0: Ball
1-0: Ball
2-0: Foul Ball, location: 2F
2-1: Called Strike
2-2: Ball
3-2: Foul Ball, location: 2F
3-2: Foul Ball, location: 2F
3-2: Foul Ball, location: 2F
3-2: Base on Balls
Jim Unknown scores
Kyle Wilson to third
Dan Finch to second
Batting: LHB Jim Unknown 0-0: Called Strike
0-1: Ball
1-1: Swinging Strike
1-2: Ball
2-2: Foul Ball, location: 2F
2-2: SINGLE (Line Drive, 9LS)
Kyle Wilson scores
Dan Finch to third
Jim Unknown to second
Batting: RHB Jim Unknown 0-0: Ball
1-0: Fly out, F8 (Line Drive, 8LD)
Runner from 3rd tags up, SCORES, no throw
Batting: RHB Jim Unknown 0-0: Ball
1-0: Swinging Strike
1-1: SINGLE (Groundball, 4MD)
Jim Unknown to third
Jim Unknown to second
Runner from 3rd tries for Home, SAFE, no throw or cutoff
Batting: SHB Alfredo Ortíz 0-0: Called Strike
0-1: Swinging Strike
0-2: Ball
1-2: Ball
2-2: SINGLE (Line Drive, 5)
Jim Unknown to third
Jim Unknown to second
Runner from 3rd tries for Home, SAFE, no throw or cutoff
Batting: RHB Jim Unknown 0-0: Foul Ball, location: 2F
0-1: SINGLE (Flyball, 8LS)
Jim Unknown to third
Alfredo Ortíz to second
Runner from 3rd tries for Home, SAFE, no throw or cutoff
Pitching: RHP Bill Prado
Batting: RHB Domingo Navarro 0-0: Called Strike
0-1: Ball
1-1: Fly out, F7 (Flyball, 78D)
Top of the 10th over - 8 run(s), 7 hit(s), 0 error(s), 2 left on base; Gryfindor 10 - Wilmington 2
BOTTOM OF THE 10TH
Wilmington Bay Hawks batting - Pitching for Gryfindor Braves : RHP Jim Unknown
Now at 2B: Jim Unknown
Batting: RHB Jorge Rocha 0-0: Foul Ball, location: 2F
0-1: Called Strike
0-2: Strikes out swinging
Batting: LHB Lonnie Austin 0-0: Called Strike
0-1: Foul Ball, location: 2F
0-2: Ball
1-2: Foul Ball, location: 2F
1-2: Ground out 5-3 (Groundball, 5)
Batting: RHB Jason Nicholson 0-0: Ball
1-0: Foul Ball, location: 2F
1-1: Foul Ball, location: 2F
1-2: Ball
2-2: Ball
3-2: Foul Ball, location: 2F
3-2: Foul Ball, location: 2F
3-2: Foul Ball, location: 2F
3-2: SINGLE (Groundball, 34D)
Batting: RHB Jim Unknown 0-0: SINGLE (Groundball, 56)
Jason Nicholson to second
Batting: RHB Jim Unknown 0-0: Swinging Strike
0-1: Ball
1-1: Foul Ball, location: 2F
1-2: Ground out 5-3 (Groundball, 6)
Bottom of the 10th over - 0 run(s), 2 hit(s), 0 error(s), 2 left on base; Gryfindor 10 - Wilmington 2
This league is powered by Out of the Park Baseball, the baseball management simulation game for PC, Mac and Linux
Saturday, July 25th, 2015 - OOTP Baseball 15.6 Build 34